 Dungeon Crawl Stone Soup version 0.31-a0-278-g485e682e34 (webtiles) character file.

Game seed: 7927902117130881570

2998 MacCMillion the Grappler (level 9, -2/80 HPs)
             Began as a Troll Shapeshifter on July 16, 2023.
             Was a Follower of Uskayaw.
             Slain by a kobold brigand
             ... wielding a +0 war axe
              (3 damage)
             ... in a bailey.
             The game lasted 00:17:53 (6124 turns).

MacCMillion the Grappler (Troll Shapeshifter)       Turns: 6124, Time: 00:17:53

Health: -2/80      AC:  4    Str: 29    XL:     9   Next: 54%
Magic:  2/8        EV: 10    Int:  4    God:    Uskayaw [*.....]
Gold:   306        SH:  0    Dex: 16    Spells: 8/8 levels left

rFire   . .          .
                       - Unarmed
rCold   . . .        (no shield)
rNeg    + . .        a - +0 animal skin
rPois   .            (helmet currently unavailable)
rElec   .            (cloak currently unavailable)
rCorr   .            (gloves unavailable)
SInv    .            (boots unavailable)
Will    .....        (no amulet)
Stlth   +            q - ring of positive energy
HPRegen 1.13/turn    A - +6 ring of dexterity
MPRegen 0.11/turn

%: no passive effects
@: beast-form, hasted, studying Ranged Weapons, very quick
A: beast (slay +2), large, unfitting armour, claws 3, regeneration 1, shaggy fur
1, tough skin 1
a: Begin Untransformation, Renounce Religion, Stomp


You were in a bailey.
You worshipped Uskayaw.
Uskayaw was noncommittal.
You were a hulking beast.
You visited 2 branches of the dungeon, and saw 9 of its levels.
You also visited: Bailey.

You collected 351 gold pieces.
You spent 45 gold pieces at shops.

Inventory:

Missiles
 e - 5 javelins
 j - 2 poisoned darts
 z - 3 silver boomerangs
 B - 3 boomerangs
 E - a throwing net
Armour
 a - a +0 animal skin (worn)
Jewellery
 q - a ring of positive energy (left claw)
 x - a ring of protection from fire
 A - a +6 ring of dexterity (right claw)
Talismans
 c - a beast talisman
Scrolls
 d - 4 scrolls of vulnerability
 h - 2 scrolls of enchant armour {unknown}
 i - 6 scrolls of teleportation {unknown}
 n - 4 scrolls of blinking
 o - 3 scrolls of noise {unknown}
 p - a scroll of immolation {unknown}
 s - a scroll of torment {unknown}
 y - a scroll of butterflies {unknown}
Potions
 b - 2 potions of lignification
 f - 4 potions of might
 k - 2 potions of brilliance
 l - 3 potions of curing
 m - a potion of attraction
 r - 3 potions of degeneration
 t - a potion of ambrosia
 v - 2 potions of enlightenment
 C - a potion of magic {unknown}
 D - a potion of berserk rage {unknown}


   Skills:
 + Level 2.4 Fighting
 - Level 1.5 Dodging
 - Level 12.9 Unarmed Combat
 + Level 3.5 Shapeshifting


You had 8 spell levels left.
You didn't know any spells.
Your spell library contained the following spells:

 Spells                   Type           Power      Damage    Failure   Level
 Frozen Ramparts          Ice            0%         1d1       86%         3
 Inner Flame              Hex/Fire       0%         N/A       86%         3
 Flame Wave               Conj/Fire      0%         2d4       99%         4
 Petrify                  Tmut/Erth      0%         N/A       99%         4
 Sticky Flame             Conj/Fire      0%         2d3       99%         4
 Metabolic Englaciation   Hex/Ice        0%         N/A       100%        5
 Haunt                    Necr/Summ      0%         N/A       100%        7
 Borgnjor's Revivificati  Necr           0%         N/A       100%        8
 Death's Door             Necr           0%         N/A       100%        9


Dungeon Overview and Level Annotations

Branches:
Dungeon (8/15)             Temple (1/1) D:7          Bailey (1/1)
   Lair: D:8-11

Altars:
Cheibriados
Dithmenos
Elyvilon
Fedhas
Gozag
Kikubaaqudgha
Nemelex Xobeh
Okawaru
Qazlal
Ru
Sif Muna
Trog
Uskayaw
Vehumet
Wu Jian
Xom
Yredelemnul
Zin

Shops:
D:5 =   D:6 !(   D:7 :

Annotations:
D:6 2 runed translucent doors, Scrael's ghost, novice DsFi


Innate Abilities, Weirdness & Mutations

You are a hulking beast.
Your limbs bulge with bestial killing power. (Slay +2)
You are too large for most types of armour.
You have claws for hands.
Your natural rate of healing is unusually fast.
You are covered in fur. (AC +1)
You have tough skin. (AC +1)


Message History

The kobold brigand hits you with a +0 war axe!
* * * LOW HITPOINT WARNING * * *
The kobold brigand hits you with a +0 war axe.
* * * LOW HITPOINT WARNING * * *
The kobold closely misses you. The kobold hits you but does no damage.
Unknown command.
Aiming: Line Pass
Press: ? - help, Dir - move target The kobold appears confused.
You can no longer pass through a line of other dancers.
Okay, then.
You closely miss the kobold brigand.
The kobold brigand is moderately wounded.
The kobold brigand hits you but does no damage.
The kobold seems less confused.
The kobold brigand hits you with a +0 war axe!
* * * LOW HITPOINT WARNING * * *
You claw the kobold brigand!
The kobold brigand is heavily wounded.
The kobold brigand completely misses you.
The kobold brigand hits you with a +0 war axe.
* * * LOW HITPOINT WARNING * * *
The kobold barely misses you.
It was a potion of cancellation.
Your magical effects are unravelling.
You feel magically purged.
You feel yourself speed up.
The kobold brigand hits you but does no damage.
The kobold hits you but does no damage.
The kobold brigand hits you with a +0 war axe!
* * * LOW HITPOINT WARNING * * *
The kobold closely misses you.
The kobold brigand hits you but does no damage.
Okay, then.
It was a potion of haste.
You feel yourself speed up.
The kobold brigand hits you with a +0 war axe.
* * * LOW HITPOINT WARNING * * *
The kobold barely misses you. The kobold hits you but does no damage.
The kobold brigand hits you with a +0 war axe.
You die... ####### ##.....## #...∩...# #.......# ##..∩..## ##')'## #.((# #KKK#

#Kh.# #...#
.......
~~.......~~
..~~.......~~..
##~~.......~~##
..~~.......~~..
##~~.......~~##


You could see 2 kobold brigands and 2 kobolds.

Vanquished Creatures
  A wraith (D:7)
  A steam dragon (D:7)
  Menkaure (D:4)
  3 water moccasins
  Duvessa (D:6)
  A sky beast (D:7)
  2 black bears
  An ice beast (D:6)
  An ogre (D:6)
  3 centaurs
  A kobold brigand (Bailey)
  A bullfrog (D:7)
  A wyvern zombie (D:6)
  5 scorpions
  Dowan (D:6)
  2 howler monkeys (D:7)
  2 centaur zombies (D:6)
  6 orc priests
  2 bullfrog zombies (D:6)
  A gnoll bouda (D:7)
  6 hounds
  A jelly (D:5)
  2 iguanas
  3 orc wizards
  A killer bee zombie (D:6)
  A howler monkey zombie (D:6)
  Robin (D:2)
  4 adders
  3 gnolls (D:7)
  A shadow imp (D:8)
  3 ufetubi
  3 worms
  4 dart slugs
  14 orcs
  5 ball pythons
  2 bats
  6 endoplasms
  2 giant cockroaches
  18 goblins
  7 hobgoblins
  A quokka (D:5)
  3 frilled lizards (D:2)
  7 kobolds
  10 rats
145 creatures vanquished.

Vanquished Creatures (others)
  An angel (D:6)
1 creature vanquished.

Grand Total: 146 creatures vanquished

Notes
Turn   | Place    | Note
-------+----------+-------------------------------------------
     0 | D:1      | MacCMillion the Troll Shapeshifter began the quest for the
                  | Orb.
     0 | D:1      | Reached XP level 1. HP: 19/19 MP: 0/0
   183 | D:1      | Reached XP level 2. HP: 27/27 MP: 1/1
   297 | D:1      | Reached skill level 3 in Unarmed Combat
   863 | D:2      | Reached XP level 3. HP: 33/33 MP: 2/2
   905 | D:2      | Noticed Robin
   920 | D:2      | Killed Robin
   924 | D:2      | Reached skill level 4 in Unarmed Combat
  1403 | D:3      | Reached XP level 4. HP: 41/41 MP: 3/3
  1584 | D:3      | Reached skill level 5 in Unarmed Combat
  1887 | D:4      | Found a stormy altar of Qazlal.
  1952 | D:4      | Reached XP level 5. HP: 39/48 MP: 4/4
  2232 | D:4      | Noticed Menkaure
  2237 | D:4      | Killed Menkaure
  2238 | D:4      | Reached skill level 6 in Unarmed Combat
  2238 | D:4      | Reached XP level 6. HP: 55/55 MP: 5/5
  2585 | D:5      | Entered Level 5 of the Dungeon
  2760 | D:5      | Reached skill level 7 in Unarmed Combat
  2808 | D:5      | Reached XP level 7. HP: 62/62 MP: 6/6
  2929 | D:5      | Found a sparkling altar of Nemelex Xobeh.
  3080 | D:5      | Reached skill level 8 in Unarmed Combat
  3164 | D:5      | HP: 3/62 [water moccasin (8)]
  3568 | D:5      | Found an ancient bone altar of Kikubaaqudgha.
  3669 | D:5      | Found Detacu Vaziv's One-of-a-Kind Rings.
  3681 | D:5      | Reached skill level 9 in Unarmed Combat
  4019 | D:6      | Reached XP level 8. HP: 70/70 MP: 7/7
  4020 | D:6      | Found an opulent altar of Gozag.
  4101 | D:6      | Found a glowing silver altar of Zin.
  4101 | D:6      | Found a shimmering altar of Xom.
  4101 | D:6      | Noticed an angel
  4115 | D:6      | Reached skill level 10 in Unarmed Combat
  4226 | D:6      | Killed an angel
  4320 | D:6      | Found a runed translucent door.
  4329 | D:6      | Noticed Scrael's ghost (novice DsFi)
  4397 | D:6      | Found Xeibail's Distillery.
  4407 | D:6      | Bought a potion of curing for 45 gold pieces
  4493 | D:6      | Found a basalt altar of Yredelemnul.
  4529 | D:6      | Noticed Duvessa
  4529 | D:6      | Noticed Dowan
  4532 | D:6      | Killed Duvessa
  4533 | D:6      | Reached skill level 11 in Unarmed Combat
  4561 | D:6      | Killed Dowan
  4678 | D:6      | Found Xunne's Antique Weapon Shoppe.
  4762 | D:6      | Found a blossoming altar of Fedhas.
  5022 | D:6      | Found a runed translucent door.
  5167 | D:7      | Reached XP level 9. HP: 70/76 MP: 8/8
  5175 | D:7      | Found Nygel's Book Boutique.
  5183 | D:7      | Reached skill level 12 in Unarmed Combat
  5348 | D:7      | Found a staircase to the Ecumenical Temple.
  5377 | Temple   | Entered the Ecumenical Temple
  5544 | Temple   | Became a worshipper of Uskayaw the Reveller
  5576 | D:7      | Reached * piety under Uskayaw
  5579 | D:7      | Reached ** piety under Uskayaw
  5644 | D:7      | Found a sacrificial altar of Ru.
  5649 | D:7      | Reached *** piety under Uskayaw
  6016 | D:8      | Found an iron altar of Okawaru.
  6060 | D:8      | Found a flagged portal.
  6075 | Bailey   | Entered a bailey
  6123 | Bailey   | HP: 3/80 [kobold brigand/+0 war axe (7)]
  6124 | Bailey   | HP: 1/80 [kobold brigand/+0 war axe (3)]
  6124 | Bailey   | Slain by a kobold brigand

Illustrated notes

Levels and vault maps discovered:
D:1:      onia_arrival_mini_maze, layout_basic, minmay_vboxes
D:2:      layout_basic, uniq_robin
D:3:      layout_rooms
D:4:      layout_gridville, nicolae_overflow_hidden_temple, minmay_crystal_room,
          uniq_menkaure
D:5:      layout_cave_pods, marbit_many_paths,
          mainiacjoe_overflow_surrounded_room, nicolae_shop_unique_rings
D:6:      layout_basic, grunt_temple_overflow_order_and_chaos_1,
          grunt_gozag_breadcrumbs, fedhas_altar_4,
          nicolae_yredelemnul_corpse_copse, serial_shops, shop,
          nicolae_lakefront_shop, ebering_ghost_sewer_f, grunt_decor_junction,
          dk_rats_in_the_wall, uniq_duvessa
D:7:      layout_cave_pools, mainiacjoe_overflow_alcove_2,
          minmay_temple_entry_offerings, serial_shops, nicolae_shop_statue_plus,
          minmay_manual_monolith
D:8:      layout_loops_ring, mainiacjoe_overflow_catwalk,
          gammafunk_temple_overflow_forgotten, enter_bailey_2,
          minmay_shop_grid_forest
Temple:   nicolae_temple_two_arcs
Bailey:   bailey_axe_3, bailey

Skill      XL: |  1  2  3  4  5  6  7  8  9 |
---------------+----------------------------+-----
Unarmed Combat | 3 4 5 6 7 9 11 12 | 12.9
Fighting       | 2 |  2.4
Dodging        | |  1.5
Shapeshifting  | |  3.5

Action                     |  1- 3 |  4- 6 |  7- 9 || total
---------------------------+-------+-------+-------++-------
  Melee: Unarmed           |    95 |    95 |   186 ||   376
         Punch             |       |     4 |     8 ||    12
  Throw: Javelin           |       |       |     2 ||     2
 Invoke: Stomp             |       |       |     1 ||     1
         Line Pass         |       |       |     1 ||     1
    Use: Potion            |       |       |     7 ||     7
         Scroll            |       |       |     6 ||     6
   Stab: Sleeping          |     2 |       |       ||     2
         Paralysed         |       |       |     3 ||     3
 Armour: Animal skin       |    27 |    23 |    46 ||    96
         Skin              |       |       |     3 ||     3
  Dodge: Dodged            |    20 |    39 |    75 ||   134

Table legend: (Time is in decaauts)
 A = Elapsed time spent in this place.
 B = Non-inter-level travel time spent in this place.
 C = Inter-level travel time spent in this place.
 D = Time resting spent in this place.
 E = Time spent auto-exploring this place.
 F = Levels seen in this place.
 G = Mean time per level.
                   A        B        C        D        E       F      G
               +--------+--------+--------+--------+--------+-----+--------+
         Total |   6077 |   5941 |    136 |    800 |   3836 |  10 |  607.7 |
       Dungeon |   5850 |   5714 |    136 |    800 |   3730 |   8 |  731.2 |
        Temple |    175 |    175 |      0 |      0 |    106 |   1 |  175.0 |
        Bailey |     51 |     51 |      0 |      0 |      0 |   1 |   51.0 |
               +--------+--------+--------+--------+--------+-----+--------+

Top non-repeatable levels by time:
     D:5: 1353 daAuts
     D:6: 1192 daAuts
     D:1: 780 daAuts
     D:4: 748 daAuts
     D:2: 603 daAuts
     D:7: 579 daAuts
     D:3: 440 daAuts
  Temple: 175 daAuts
     D:8: 153 daAuts
  Bailey: 51 daAuts
